 Dungeon Crawl Stone Soup version 0.26.1-2-gb8aa6d0cf2 (webtiles) character file.

Game seed: 11370205842964892843

5604 hawla the Thaumaturge (level 10, -3/78 HPs)
             Began as a Yellow Draconian Conjurer on Feb 10, 2021.
             Was a Believer of Vehumet.
             Slain by a manticore (19 damage)
             ... on level 10 of the Dungeon.
             The game lasted 00:35:56 (12501 turns).

hawla the Thaumaturge (Yellow Draconian Conjurer)  Turns: 12501, Time: 00:35:57

Health: -3/78      AC:  7    Str: 12    XL:     10   Next: 45%
Magic:  5/22       EV: 12    Int: 22    God:    Vehumet [**....]
Gold:   467        SH:  0    Dex: 10    Spells: 14/26 levels left

rFire    . . .     SeeInvis .   E - +7 rapier "Beetleslayer" {venom, +Rage Will+ Str+3 Stlth+}
rCold    . . .     Faith    .   D - +0 buckler of Death Resistance {Regen+} (curse)
rNeg     + . .     Spirit   .   (armour unavailable)
rPois    .         Reflect  .   (helmet restricted)
rElec    .         Harm     .   (no cloak)
rCorr    +         Rampage  .   (no gloves)
Will     ++...     Clarity  +   (no boots)
Stlth    ++........             (no amulet)
HPRegen  0.63/turn              g - ring of positive energy
MPRegen  0.18/turn              C - ring of willpower

@: confused, barbed spikes, attractive
A: spit acid, unfitting armour, clarity, robust 1, cold-blooded, acid
resistance, AC +7
a: Breathe Acid, Renounce Religion, Evoke Berserk Rage


You were on level 10 of the Dungeon.
You worshipped Vehumet.
Vehumet was pleased with you.
You visited 2 branches of the dungeon, and saw 11 of its levels.

You collected 467 gold pieces.

Inventory:

Hand Weapons
 i - a +0 whip of freezing
 E - the +7 rapier "Beetleslayer" (weapon) {venom, +Rage Will+ Str+3 Stlth+}
   (You found it on level 9 of the Dungeon)

   It poisons the flesh of those it strikes.
   It affects your strength (+3).
   It affects your willpower, your defense against some magical effects.
   It lets you go berserk.
   It makes you more stealthy.
Missiles
 n - 5 javelins
 r - 5 datura-tipped darts
 u - 3 poisoned darts (quivered)
 w - 6 boomerangs
Armour
 e - a +2 buckler
 D - the cursed +0 buckler of Death Resistance (worn) {Regen+}
   (You found it on level 8 of the Dungeon)

   It increases your rate of regeneration.
   It has a curse placed upon it.
Jewellery
 g - a ring of positive energy (left hand)
 m - an uncursed ring of positive energy
 C - a ring of willpower (right hand)
Wands
 b - a wand of random effects (17)
 s - a wand of paralysis (3)
Scrolls
 a - a scroll of teleportation
 c - 3 scrolls of fog
 d - a scroll of noise {unknown}
 f - 3 scrolls of enchant weapon
 j - 7 scrolls of remove curse
 l - 2 scrolls of random uselessness {unknown}
 p - 2 scrolls of amnesia {unknown}
 x - a scroll of identify
 y - a scroll of blinking {unknown}
 F - a scroll of fear {unknown}
Potions
 k - a potion of flight
 v - a potion of resistance
 B - a potion of cancellation


   Skills:
 - Level 1.0 Fighting
 - Level 1.0 Staves
 - Level 1.0 Throwing
 - Level 2.0 Dodging
 - Level 2.0 Stealth
 - Level 4.0 Shields
 + Level 8.5 Spellcasting
 - Level 7.4 Conjurations
 - Level 5.7 Translocations
 + Level 8.0 Earth Magic
 - Level 1.0 Evocations


You had 14 spell levels left.
You knew the following spells:

 Your Spells              Type           Power        Failure   Level
a - Magic Dart            Conj           100%         1%          1
b - Searing Ray           Conj           84%          1%          2
c - Iskenderun's Mystic   Conj/Tloc      38%          4%          4
d - Blink                 Tloc           N/A          1%          2
e - Stone Arrow           Conj/Erth      86%          1%          3

Your spell library contained the following spells:

 Spells                   Type           Power        Failure   Level
 Static Discharge         Conj/Air       25%          4%          3
 Sandblast                Erth           88%          1%          1
 Passwall                 Tmut/Erth      22%          1%          2
 Gell's Gravitas          Tloc           17%          1%          3
 Lesser Beckoning         Tloc           17%          1%          3
 Teleport Other           Tloc           34%          1%          3
 Conjure Flame            Conj/Fire      25%          4%          3
 Dazzling Flash           Conj/Hex       50%          4%          3
 Passage of Golubria      Tloc           N/A          7%          4
 Lee's Rapid Deconstruct  Erth           22%          7%          5
 Mephitic Cloud           Conj/Pois/Air  20%          8%          3
 Call Imp                 Summ           9%           11%         2
 Slow                     Hex            9%           11%         2
 Petrify                  Tmut/Erth      27%          13%         4
 Fulminant Prism          Conj/Hex       12%          16%         4


Dungeon Overview and Level Annotations

Branches:
Dungeon (10/15)            Temple (1/1) D:4
   Lair: D:8-11         Orc: D:9-12

Altars:
Ashenzari
Cheibriados
Dithmenos
Elyvilon
Fedhas
Gozag
Hepliaklqana
Kikubaaqudgha
Makhleb
Nemelex Xobeh
Okawaru
Qazlal
Ru
Sif Muna
Trog
Uskayaw
Vehumet
Xom
Yredelemnul
Zin

Shops:
D:7 }

Annotations:
D:3 1 runed translucent door, Cheops's ghost, amateur DgEE
D:6 2 transporters, trckry's ghost, amateur TeHu
D:9 Maurice


Innate Abilities, Weirdness & Mutations

You can spit globs of acid.
Your golden yellow scales are hard. (AC +7)
You cannot fit into any form of body armour.
You are cold-blooded and may be slowed by cold attacks.
You are resistant to acid. (rCorr)
You possess an exceptional clarity of mind.
You are robust. (+10% HP)


Message History

You don't have enough magic to cast that spell.
Casting: Magic Dart (safe; 1% risk of failure)
Confirm with . or Enter, or press ? or * to list all spells.
Aiming: Searing Ray (safe; 1% risk of failure)
Press: ? - help, Shift-Dir - straight line, f/p - manticore
Aim: a manticore (11% to evade)
The searing ray hits the manticore!
The manticore is lightly wounded. (Press . to maintain the ray.)
You block the manticore's attack. The manticore barely misses you.
The manticore closely misses you.
You barely miss the manticore.
The manticore is lightly wounded.
The manticore bites you!
* * * LOW HITPOINT WARNING * * *
You block the manticore's attack. The manticore claws you.
* * * LOW HITPOINT WARNING * * *
You are confused.
You feel invigorated. The manticore bites you!!
You die...

>.......#
........#
#.# #.#
##### #.#
#...# #.#
####...#
#.# .
#......#
#.# .
###....@.#
#.# .
#.....)H.#
#.###
#........#
#....
+........#
#....
#........#
#....
#........#
#....
#........#
####.
##########
#. #.


You could see a manticore.

Vanquished Creatures
  Pikel (D:5)
  A troll (D:10)
  Eustachio (D:6)
  2 wyverns
  A yak (D:7)
  A vampire (D:10)
  Menkaure (D:7)
  3 water moccasins
  Duvessa (D:5)
  2 orc warriors
  A sky beast (D:3)
  4 necrophages
  2 ogres
  A black bear (D:8)
  3 phantoms
  3 centaurs
  6 bullfrogs
  A wyvern zombie (D:8)
  Dowan (D:5)
  3 scorpions
  4 wights (D:6)
  9 howler monkeys
  A bullfrog zombie (D:9)
  6 hounds
  A jelly (D:6)
  An orc priest (D:7)
  4 orc wizards
  2 bullfrog skeletons
  4 iguanas
  Terence (D:2)
  6 worker ants
  A killer bee zombie (D:7)
  A hound zombie (D:5)
  3 hound skeletons
  A howler monkey skeleton (D:7)
  12 adders
  2 white imps (D:5)
  3 ufetubi
  An ooze (D:7)
  2 adder skeletons
  3 worms
  2 dart slugs
  6 leopard geckos
  31 orcs
  A ball python (D:4)
  9 bats
  10 giant cockroaches
  9 goblins
  3 hobgoblins
  12 jackals
  3 quokkas
  9 frilled lizards
  9 kobolds
  A quokka skeleton (D:4)
  A quokka zombie (D:8)
  7 rats
220 creatures vanquished.

Vanquished Creatures (others)
  A wizard (D:7)
  A plant (D:4)
2 creatures vanquished.

Grand Total: 222 creatures vanquished

Notes
Turn   | Place    | Note
-------+----------+-------------------------------------------
     0 | D:1      | hawla the Draconian Conjurer began the quest for the Orb.
     0 | D:1      | Reached XP level 1. HP: 14/14 MP: 3/3
   415 | D:1      | Reached XP level 2. HP: 20/20 MP: 1/5
   518 | D:1      | Learned a level 2 spell: Searing Ray
  1170 | D:2      | Reached XP level 3. HP: 27/27 MP: 2/6
  1438 | D:2      | Reached skill level 1 in Fighting
  1528 | D:2      | Reached skill level 1 in Shields
  2209 | D:2      | Reached skill level 1 in Staves
  2209 | D:2      | Reached XP level 4. HP: 34/35 MP: 3/7
  2214 | D:2      | Learned a level 4 spell: Iskenderun's Mystic Blast
  2380 | D:2      | Noticed Terence
  2402 | D:2      | Killed Terence
  2403 | D:2      | Reached skill level 1 in Throwing
  2403 | D:2      | Reached skill level 1 in Evocations
  2808 | D:3      | Reached skill level 1 in Translocations
  3415 | D:3      | Found a runed translucent door.
  3416 | D:3      | Noticed Cheops's ghost (amateur DgEE)
  3528 | D:3      | Reached XP level 5. HP: 40/40 MP: 4/8
  3898 | D:3      | Noticed a sky beast
  3904 | D:3      | Killed a sky beast
  3905 | D:3      | Reached skill level 5 in Conjurations
  4240 | D:4      | Found a snail-covered altar of Cheibriados.
  4249 | D:4      | Reached XP level 6. HP: 47/47 MP: 4/10
  4353 | D:4      | Found a staircase to the Ecumenical Temple.
  4418 | Temple   | Entered the Ecumenical Temple
  4908 | D:4      | You fall into a shaft and drop 2 floors!
  4908 | D:6      | Found an iron altar of Okawaru.
  4973 | D:5      | Entered Level 5 of the Dungeon
  5099 | D:5      | Noticed Pikel
  5164 | D:5      | Your scales start taking on a golden yellow colour.
  5164 | D:5      | Reached XP level 7. HP: 24/52 MP: 0/11
  5164 | D:5      | Gained mutation: You are resistant to acid. (rCorr) [Yellow
                  | Draconian growth]
  5436 | D:5      | Found a sparkling altar of Nemelex Xobeh.
  6080 | D:5      | Noticed Dowan
  6081 | D:5      | Noticed Duvessa
  6095 | D:5      | Killed Dowan
  6109 | D:5      | Killed Duvessa
  6110 | D:5      | Reached XP level 8. HP: 36/59 MP: 1/13
  6639 | D:5      | Found a sacrificial altar of Ru.
  6728 | D:5      | Found a radiant altar of Vehumet.
  6924 | D:5      | Became a worshipper of Vehumet
  7129 | D:6      | Found a transporter.
  7162 | D:5      | Reached skill level 5 in Translocations
  7232 | D:5      | Killed Pikel
  7233 | D:5      | Reached skill level 1 in Earth Magic
  7480 | D:6      | Gained mutation: You have an increased reservoir of magic.
                  | (+10% MP) [potion of mutation]
  7480 | D:6      | Gained mutation: You expend magic power (3 MP) to
                  | strengthen your wands. [potion of mutation]
  7719 | D:6      | Noticed trckry's ghost (amateur TeHu)
  7720 | D:6      | Identified the +6 dire flail of Pain and Death {vorpal,
                  | Fragile +Fly rN+++ Will-}
  7720 | D:6      | Identified the cursed +2 great mace of Duty {protect, rElec
                  | Str+3 Stlth+}
  7720 | D:6      | Noticed a two-headed ogre
  7817 | D:6      | Found a blossoming altar of Fedhas.
  7820 | D:6      | Found an ancient bone altar of Kikubaaqudgha.
  7944 | D:6      | Noticed Eustachio
  8000 | D:6      | Killed Eustachio
  8001 | D:6      | Reached skill level 5 in Spellcasting
  8001 | D:6      | Reached XP level 9. HP: 30/64 MP: 3/18
  8408 | D:6      | Found a transporter.
  8425 | D:7      | Noticed Menkaure
  8429 | D:7      | Killed Menkaure
  8773 | D:7      | Found Wuefasil's Gadget Shoppe.
  8816 | D:7      | Reached * piety under Vehumet
  8816 | D:7      | Offered knowledge of Freeze by Vehumet.
  8897 | D:7      | Found an iron altar of Okawaru.
  8917 | D:7      | Found a white marble altar of Elyvilon.
  9113 | D:7      | Reached skill level 5 in Earth Magic
  9664 | D:7      | Lost mutation: You have an increased reservoir of magic.
                  | (+10% MP) [potion of mutation]
  9664 | D:7      | Lost mutation: You expend magic power (3 MP) to strengthen
                  | your wands. [potion of mutation]
  9664 | D:7      | Gained mutation: You are robust. (+10% HP) [potion of
                  | mutation]
  9664 | D:7      | Gained mutation: You possess an exceptional clarity of
                  | mind. [potion of mutation]
  9730 | D:7      | Found a shadowy altar of Dithmenos.
 10369 | D:7      | Found a bloodstained altar of Trog.
 10370 | D:7      | Noticed a wizard
 10376 | D:7      | Killed a wizard
 10599 | D:8      | Reached XP level 10. HP: 78/78 MP: 8/21
 11170 | D:9      | Reached ** piety under Vehumet
 11312 | D:8      | Offered knowledge of Shock by Vehumet.
 11317 | D:8      | Learned a level 2 spell: Blink
 11321 | D:8      | Learned a level 3 spell: Stone Arrow
 11665 | D:8      | Found a snail-covered altar of Cheibriados.
 11811 | D:8      | Got an ancient buckler
 11822 | D:8      | Identified the cursed +0 buckler of Death Resistance
                  | {Regen+} (You found it on level 8 of the Dungeon)
 11861 | D:9      | Found a broken altar of Ashenzari.
 11874 | D:9      | Got a twisted rapier
 11875 | D:9      | Identified the +7 rapier "Beetleslayer" {venom, +Rage Will+
                  | Str+3 Stlth+} (You found it on level 9 of the Dungeon)
 12154 | D:9      | Noticed Maurice
 12179 | D:10     | Entered Level 10 of the Dungeon
 12487 | D:10     | Noticed a manticore
 12493 | D:10     | Offered knowledge of Static Discharge by Vehumet.
 12501 | D:10     | Slain by a manticore

Illustrated notes

Levels and vault maps discovered:
D:1:      mrwooster_arrival_statue, layout_basic, minmay_misc_feat_nine_boxes
D:2:      minmay_skewed_foursquare, layout_basic, uniq_terence
D:3:      layout_loops_ring, ebering_ghost_reflecting_pool
D:4:      layout_rooms, overflow_temple_1_default, minmay_temple_entry_hall,
          serial_forest, infiniplex_forest_clump_tiny,
          infiniplex_forest_zigzag_2, infiniplex_forest_straight_3,
          infiniplex_forest_lined_4_way, infiniplex_forest_straight_4,
          infiniplex_forest_clump_long, infiniplex_forest_clump_medium,
          infiniplex_forest_end_1, wad_rectangle_vault
D:5:      layout_loops_cross, lemuel_coloured_pillars_altar, kennysheep_mini,
          kennysheep_mini_moat, minmay_misc_feat_tiny,
          minmay_fractal_squares_gapless_5, uniq_duvessa, uniq_pikel
D:6:      layout_rooms, grunt_temple_overflow_growth_and_decay,
          gammafunk_ghost_smash, okawaru_gym_becter, uniq_eustachio
D:7:      minmay_the_grid_octo_triangle [minmay_the_grid_octo_horde,
          minmay_the_grid_octo_prize_single_spiral,
          minmay_the_grid_octo_clover_2], layout_loops_corners,
          marbit_many_paths, general_overflow_altar, elyvilon_altar_3,
          serial_shops, shop, trog_wizard, uniq_menkaure
D:8:      layout_loops_ring, cheibriados_altar_1
D:9:      layout_roguey, nicolae_tso_swordbearing_angel,
          grunt_temple_overflow_open, serial_shops, shop, minivault_11,
          kennysheep_kite_vault, uniq_maurice
D:10:     layout_irregular_city, david_lair_generic, basic_altar,
          ebering_ghost_gozag
Temple:   zaba_magenta_temple

Skill      XL: |  1  2  3  4  5  6  7  8  9 10 |
---------------+-------------------------------+-----
Stealth        | 2 |  2.0
Fighting       | 1 |  1.0
Dodging        | 2 |  2.0
Shields        | 1 2 4 |  4.0
Staves         | 1 |  1.0
Throwing       | 1 |  1.0
Evocations     | 1 |  1.0
Translocations | 1 2 3 4 5 |  5.7
Conjurations   | 5 6 7 |  7.4
Spellcasting   | 3 5 7 8 |  8.5
Earth Magic    | 3 6 8 |  8.0

Action                   |  1- 3 |  4- 6 |  7- 9 | 10-12 || total
-------------------------+-------+-------+-------+-------++-------
Melee: Whip              |    30 |    41 |   139 |    23 ||   233
       Tailslap          |     1 |     3 |     9 |     3 ||    16
       Rapier            |       |       |       |    10 ||    10
Throw: Dart              |       |       |     5 |     1 ||     6
 Cast: Magic Dart        |    35 |    32 |    40 |    37 ||   144
       Searing Ray       |    19 |    33 |    68 |    22 ||   142
       Iskenderun's Myst |       |     2 |    25 |    24 ||    51
 Abil: Breathe Acid      |       |       |     1 |       ||     1
Evoke: Wand              |       |       |     4 |     2 ||     6
  Use: Scroll            |     4 |     2 |     5 |     1 ||    12
       Potion            |     2 |     3 |    11 |     7 ||    23
Armor: Skin              |    15 |    17 |   175 |    16 ||   223
Dodge: Dodged            |    41 |    68 |   137 |    29 ||   275
Block: Buckler           |       |       |    87 |    19 ||   106
